 Dungeon Crawl Stone Soup version 0.29-a0-551-gffc1d7fb78 (webtiles) character file.

Game seed: 15640610536532089167

5 Hubjo the Skirmisher (level 1, -1/18 HPs)
             Began as a Demonspawn Monk on June 5, 2022.
             Slain by a hobgoblin (4 damage)
             ... on level 1 of the Dungeon.
             The game lasted 00:00:18 (282 turns).

Hubjo the Skirmisher (Demonspawn Monk)               Turns: 282, Time: 00:00:18

Health: -1/18      AC:  2    Str: 11    XL:     1   Next: 66%
Magic:  1/1        EV: 12    Int: 11    God:
Gold:   0          SH:  0    Dex: 15    Spells: 0/0 levels left

rFire   . . .      SeeInvis .     - Unarmed
rCold   . . .      Faith    .   (no shield)
rNeg    . . .      Spirit   .   a - +0 robe
rPois   .          Reflect  .   (no helmet)
rElec   .          Harm     .   (no cloak)
rCorr   .          Rampage  .   (no gloves)
Will    .....                   (no boots)
Stlth   ++........              (no amulet)
HPRegen 0.06/turn               (no ring)
MPRegen 0.07/turn               (no ring)

@: no status effects
A: no striking features
a: no special abilities


You were on level 1 of the Dungeon.
You visited 1 branch of the dungeon, and saw 1 of its levels.

Inventory:

Armour
 a - a +0 robe (worn)
Potions
 b - a potion of ambrosia


   Skills:
 + Level 3.1 Fighting
 - Level 2.6 Dodging
 + Level 2.0 Stealth
 + Level 2.8 Unarmed Combat


You couldn't memorise any spells.
You didn't know any spells.
Your spell library was empty.

Dungeon Overview and Level Annotations

Branches:
Dungeon (1/15)

Altars:


Message History

You kill the dart slug!
The endoplasm barely misses you. The endoplasm completely misses you.
Things that are here:
a +0 club; a goblin corpse You hit the endoplasm.
The endoplasm is almost dead.
The endoplasm freezes you.
You are frozen.
* * * LOW HITPOINT WARNING * * *
You hit the endoplasm.
You kill the endoplasm!
Your Stealth skill increases to level 2!
Things that are here:
a +0 club; a goblin corpse HP restored.
A kobold comes into view. It is wielding a +0 dagger.
Unknown command.
A hobgoblin comes into view.
The hobgoblin shouts!
The kobold shouts!
You closely miss the kobold. The kobold barely misses you.
You closely miss the kobold. The kobold hits you with a +0 dagger.
You hit the kobold but do no damage.
The hobgoblin hits you but does no damage.
The kobold hits you but does no damage.
You hit the kobold but do no damage. The hobgoblin completely misses you.
The kobold hits you with a +0 dagger.
You hit the kobold but do no damage. The hobgoblin hits you.
The kobold barely misses you.
You closely miss the kobold. The hobgoblin hits you.
The kobold hits you with a +0 dagger.
You hit the kobold but do no damage. The hobgoblin hits you.
The kobold hits you but does no damage.
You hit the kobold but do no damage. You barely miss the kobold.
The hobgoblin barely misses you. The kobold hits you with a +0 dagger.
* * * LOW HITPOINT WARNING * * *
You closely miss the kobold. The hobgoblin hits you.
You die...

##.(..(## ..> .#
###'### #.# .#
###(.((.### #.# .#
##..(((((..####.##.#
+..(((8.(...'..)...#
##..(.[((.(##.###..#
###..(((###..# #..#
#######....###.##
#.....@.......#
......Kg...:.###
##.##....!?..# #
..........#
..##.......# #..
####.##.# #. .# .# #
.# #


You could see a hobgoblin and a kobold.

Vanquished Creatures
  A dart slug (D:1)
  An endoplasm (D:1)
  A goblin (D:1)
3 creatures vanquished.

Notes
Turn   | Place    | Note
-------+----------+-------------------------------------------
     0 | D:1      | Hubjo the Demonspawn Monk began the quest for the Orb.
     0 | D:1      | Reached XP level 1. HP: 18/18 MP: 1/1
   282 | D:1      | Slain by a hobgoblin

Illustrated notes

Levels and vault maps discovered:
D:1:      minmay_arrival_shattered_statue, layout_loops_ring,
          basic_ecumenical_altar

Skill      XL: |  1 |
---------------+----+-----
Stealth        | 2 |  2.0
Fighting       | |  3.1
Dodging        | |  2.6
Unarmed Combat | |  2.8

Action                   || total
-------------------------++-------
Melee: Unarmed           ||    21
Armor: Robe              ||     4
Dodge: Dodged            ||     8

Table legend: (Time is in decaauts)
 A = Elapsed time spent in this place.
 B = Non-inter-level travel time spent in this place.
 C = Inter-level travel time spent in this place.
 D = Time resting spent in this place.
 E = Time spent auto-exploring this place.
 F = Levels seen in this place.
 G = Mean time per level.
                   A        B        C        D        E       F      G
               +--------+--------+--------+--------+--------+-----+--------+
         Total |    280 |    280 |      0 |      0 |    246 |   1 |  280.0 |
       Dungeon |    280 |    280 |      0 |      0 |    246 |   1 |  280.0 |
               +--------+--------+--------+--------+--------+-----+--------+

Top non-repeatable levels by time:
     D:1: 280 daAuts
